Map: Sequencer LE

Players

Elazer - Winner!

  • Race: Zerg Zerg
  • League: Master
  • Spawn Location: 1:00

llllllllllll (Zest)

  • Race: Protoss Protoss
  • League: Master
  • Spawn Location: 7:00

Event: HomeStory Cup XV

VOD

Have the link to the VOD?

Description

Time

  • Played on: July 22, 2017, 1:40 p.m.
  • Length: 7:39

All games in this series

Show
View Real Time Build Order
Export as new Build Order

Elazer Zerg - Winner!

Build Orders: Hatch First 

Get SALT Encoding   

  12  0:00  Drone  
  13  0:12  Overlord  
  13  0:17  Drone  
  14  0:30  Drone x2  
  14  0:34  Drone  
  17  0:51  Hatchery  
  17  0:54  Drone  
  17  0:57  Drone  
  18  1:08  Extractor  
  17  1:13  Spawning Pool  
  17  1:16  Drone  
  17  1:20  Drone  
  18  1:31  Drone  
  19  1:39  Overlord  
  19  1:52  Drone  
  20  1:59  Drone  
  20  2:00  Queen  
  23  2:04  Queen  
  23  2:05  Zergling x2  
  26  2:10  Metabolic Boost  
  26  2:13  Drone  
  27  2:16  Drone  
  27  2:21  Drone  
  29  2:25  Drone  
  30  2:39  Hatchery  
  30  2:41  Zergling x2  
  30  2:46  Drone  
  30  2:49  Pneumatized Carapace  
  32  2:51  Drone  
  32  2:55  Drone  
  33  2:59  Overlord  
  33  3:01  Drone  
  34  3:08  Drone x2  
  36  3:17  Queen  
  36  3:18  Drone x2  
  36  3:19  Drone  
  41  3:23  Drone  
  41  3:28  Drone  
  41  3:31  Overlord  
  42  3:38  Lair  
  42  3:40  Drone  
  43  3:48  Extractor, Drone  
  43  3:49  Drone x6  
  43  3:51  Extractor  
  43  3:52  Drone  
  49  3:56  Zergling x2  
  49  3:59  Overlord  
  49  4:02  Queen  
  52  4:04  Drone  
  52  4:07  Drone x2  
  55  4:13  Evolution Chamber, Drone  
  55  4:16  Drone  
  56  4:17  Drone  
  56  4:18  Overlord  
  57  4:27  Zergling x6  
  57  4:30  Zergling x2  
  61  4:32  Zergling x2  
  61  4:33  Zergling x6  
  61  4:38  Queen  
  67  4:39  Overseer, Hydralisk Den  
  67  4:43  Zerg Missile Weapons Level 1  
  66  4:50  Zergling x4  
  66  4:51  Zergling x2  
  69  4:52  Overlord  
  69  4:55  Drone x4  
  69  4:58  Extractor  
  72  5:06  Zergling x2  
  73  5:09  Overlord  
  68  5:22  Hydralisk x3  
  68  5:23  Hydralisk x4  
  68  5:27  Drone x2  
  68  5:28  Drone x2  
  86  5:29  Overlord  
  86  5:33  Muscular Augments  
  86  5:34  Zergling x2  
  87  5:36  Zergling x2  
  87  5:45  Overlord  
  87  5:47  Hydralisk  
  87  5:48  Hydralisk x2, Zergling x2  
  94  5:55  Hydralisk x2  
  94  6:08  Hydralisk  
  94  6:09  Hydralisk x2  
  94  6:10  Zergling x6  
  94  6:11  Zergling x4  
  105  6:18  Overlord  
  105  6:23  Overlord  
  105  6:37  Overlord  
  104  6:41  Hydralisk x4  
  104  6:43  Hydralisk x3  
  104  6:44  Zergling x2  
  104  6:45  Zergling x8  
  121  6:53  Hydralisk  
  121  6:56  Overseer  
  121  6:57  Overlord  
  121  7:05  Zergling x8  
  123  7:09  Zergling x4  
  123  7:14  Hatchery  
  121  7:16  Zergling x6  
  121  7:17  Zergling x6  
  121  7:21  Zergling x4  
Show
View Real Time Build Order
Export as new Build Order

llllllllllll Protoss 

Build Orders: 1 Gate Expand, Zealot Archon, Dark Templar Rush 

Get SALT Encoding   

  12  0:00  Probe (Chrono Boost)  
  13  0:11  Probe (Chrono Boost)  
  14  0:19  Pylon  
  14  0:22  Probe (Chrono Boost)  
  15  0:38  Probe (Chrono Boost)  
  15  0:41  Gateway  
  16  0:48  Probe (Chrono Boost)  
  16  0:49  Assimilator  
  17  0:59  Probe (Chrono Boost)  
  18  1:09  Probe (Chrono Boost)  
  19  1:22  Nexus  
  20  1:25  Probe (Chrono Boost)  
  20  1:35  Cybernetics Core  
  20  1:39  Probe (Chrono Boost)  
  21  1:45  Assimilator  
  21  1:49  Probe (Chrono Boost)  
  21  1:53  Pylon  
  22  2:00  Probe (Chrono Boost)  
  23  2:11  Probe (Chrono Boost)  
  23  2:12  Warp Gate, Adept (Chrono Boost)  
  26  2:24  Mothership Core (Chrono Boost)  
  28  2:34  Probe (Chrono Boost)  
  29  2:43  Twilight Council  
  29  2:44  Probe (Chrono Boost)  
  32  2:45  Probe (Chrono Boost)  
  33  2:54  Probe (Chrono Boost)  
  33  2:56  Probe (Chrono Boost)  
  33  3:01  Robotics Facility  
  33  3:05  Probe (Chrono Boost)  
  34  3:06  Probe (Chrono Boost)  
  35  3:15  Probe (Chrono Boost)  
  35  3:17  Probe (Chrono Boost)  
  37  3:26  Probe (Chrono Boost)  
  38  3:27  Probe (Chrono Boost)  
  38  3:31  Dark Shrine  
  39  3:36  Probe (Chrono Boost)  
  39  3:38  Probe (Chrono Boost), Gateway  
  39  3:40  Gateway  
  41  3:43  Gateway  
  41  3:47  Probe (Chrono Boost)  
  43  3:50  Probe, Warp Prism (Chrono Boost)  
  45  3:57  Pylon  
  45  3:58  Assimilator  
  45  4:01  Assimilator  
  45  4:04  Probe  
  46  4:10  Pylon  
  46  4:22  Nexus  
  46  4:34  Probe x2 (Chrono Boost)  
  48  4:46  Dark Templar x4  
  48  4:51  Archon x2  
  48  4:52  Probe (Chrono Boost)  
  56  4:53  Probe (Chrono Boost)  
  56  4:56  Observer (Chrono Boost)  
  56  4:58  Pylon  
  59  5:03  Probe  
  59  5:04  Probe  
  59  5:05  Pylon  
  61  5:22  Probe  
  61  5:24  Probe  
  61  5:27  Zealot, Dark Templar x3  
  71  5:30  Gateway  
  71  5:31  Gateway, Archon  
  71  5:33  Probe x2  
  72  5:43  Probe  
  72  5:44  Probe  
  72  5:47  Pylon  
  74  5:53  Probe  
  74  5:55  Immortal (Chrono Boost)  
  75  5:57  Charge (Chrono Boost)  
  75  6:00  Probe x2  
  80  6:11  Templar Archives  
  80  6:13  Probe x2, Gateway x2  
  80  6:17  Pylon  
  82  6:23  Probe  
  84  6:25  Probe x2, Pylon  
  84  6:30  Pylon  
  85  6:33  Probe  
  85  6:34  Pylon  
  85  6:36  Stalker  
  85  6:37  Probe  
  85  6:39  Stalker  
  91  6:46  Stalker  
  92  6:54  Probe  
  92  6:55  Probe x2  
  92  6:57  Pylon  
  92  6:58  Assimilator  
  95  7:03  Assimilator  
  95  7:04  Stalker x2  
  95  7:05  Zealot  
  97  7:16  Sentry x2  
  97  7:28  Zealot x2  
Tags
 
Add a new tag
Caveats
  • Supply blocks, unpowered buildings, or Contaminate may cause inaccurate times.
  • Supply counts are checked every 10 seconds.